 Dungeon Crawl Stone Soup version 0.30.0-29-ga12c61a403 (webtiles) character file.

Game seed: 18167808170898047053

2865 LynnLen the Covert (level 9, -1/39 HPs)
             Began as a Spriggan Enchanter on June 19, 2023.
             Was a Follower of Ru.
             Hit by a silver boomerang thrown by an orc warrior (3 damage)
             ... on level 7 of the Dungeon.
             The game lasted 00:23:32 (7778 turns).

LynnLen the Covert (Spriggan Enchanter)             Turns: 7778, Time: 00:23:32

Health: -1/39      AC:  2    Str: 10    XL:     9   Next: 47%
Magic:  15/22      EV: 17    Int: 21    God:    Ru [*.....]
Gold:   265        SH:  0    Dex: 15    Spells: 12/25 levels left

rFire   . . .        y - +5 short sword (elec)
rCold   . . .        (no shield)
rNeg    . . .        b - +0 robe
rPois   .            (helmet restricted)
rElec   .            (no cloak)
rCorr   .            (gloves unavailable)
SInv    +            (boots unavailable)
Will    +....        (no amulet)
Stlth   +++++        e - +6 ring of strength
HPRegen 0.26/turn    (no ring)
MPRegen 0.18/turn

%: no passive effects
@: very quick
A: very small, no large weapons, unfitting armour, see invisible, speed 3,
inability to train armour
a: Renounce Religion


You were on level 7 of the Dungeon.
You worshipped Ru.
Ru was aware of your devotion.
You visited 1 branch of the dungeon, and saw 7 of its levels.
You also visited: Sewer.

You collected 265 gold pieces.

Inventory:

Hand Weapons
 s - the +5 spear "Wontat" {speed, rPois}
   (You found it on level 4 of the Dungeon)

   rPois:     It protects you from poison.
 y - a +5 short sword of electrocution (weapon)
Armour
 b - a +0 robe (worn)
Jewellery
 e - a +6 ring of strength (left hand)
 r - a +4 ring of slaying
 v - a ring of wizardry
 w - the ring "Zemoiz" {rN+ rCorr Dex+3 SInv Stlth-}
   (You found it on level 5 of the Dungeon)

   [ring of see invisible]

   Dex:       It affects your dexterity (+3).
   rN:        It protects you from negative energy.
   SInv:      It lets you see invisible.
   rCorr:     It protects you from acid and corrosion.
   Stlth:     It makes you less stealthy.
Wands
 A - a wand of light (9)
Scrolls
 f - 2 scrolls of poison
 i - 3 scrolls of teleportation
 k - a scroll of amnesia {unknown}
 l - 2 scrolls of immolation
 o - a scroll of noise {unknown}
 p - a scroll of vulnerability {unknown}
 q - 2 scrolls of identify
 t - a scroll of enchant armour {unknown}
Potions
 a - a potion of degeneration {unknown}
 c - 2 potions of invisibility
 d - 2 potions of haste
 g - 5 potions of curing
 h - a potion of lignification {unknown}
 j - 3 potions of mutation {unknown}
 m - a potion of resistance {unknown}
 n - 3 potions of flight
 u - 4 potions of heal wounds
 x - 3 potions of attraction {unknown}
 z - a potion of berserk rage {unknown}


   Skills:
 + Level 2.6 Short Blades
 - Level 2.6 Dodging
 + Level 12.4 Stealth
 + Level 8.5 Spellcasting
 + Level 8.7 Hexes
 * Level 3.5 Summonings


You had 12 spell levels left.
You knew the following spells:

 Your Spells              Type           Power      Damage    Failure   Level
a - Ensorcelled Hibernat  Hex/Ice        54%        N/A       1%          2
b - Confusing Touch       Hex            45%        N/A       1%          3
c - Tukima's Dance        Hex            45%        N/A       1%          3
d - Summon Mana Viper     Hex/Summ       34%        N/A       17%         5

Your spell library contained the following spells:

 Spells                   Type           Power      Damage    Failure   Level
 Dazzling Flash           Conj/Hex       54%        N/A       3%          3
 Cigotuvi's Dreadful Rot  Necr/Pois/Air  16%        N/A       12%         2
 Static Discharge         Conj/Air       16%        2-3/arc   12%         2
 Sublimation of Blood     Necr           8%         N/A       12%         2
 Wereblood                Tmut           8%         N/A       12%         2
 Summon Lightning Spire   Summ/Air       16%        N/A       36%         4
 Airstrike                Air            4%         2d(1-17)  58%         4
 Dispel Undead            Necr           8%         3d8       58%         4
 Summon Forest            Summ/Tloc      8%         N/A       71%         5
 Alistair's Intoxication  Tmut/Pois      5%         N/A       91%         5
 Borgnjor's Vile Clutch   Necr/Erth      4%         N/A       91%         5
 Summon Cactus Giant      Summ           11%        N/A       95%         6
 Death Channel            Necr           4%         N/A       100%        6
 Eringya's Noxious Bog    Tmut/Pois      4%         N/A       100%        6
 Summon Hydra             Summ           11%        N/A       100%        7


Dungeon Overview and Level Annotations

Branches:
Dungeon (7/15)              Sewer (visited)
 Temple: D:4-7

Altars:
Elyvilon
Fedhas
Kikubaaqudgha
Ru
Sif Muna
Trog
Vehumet
Yredelemnul
Zin
The Shining One

Annotations:
D:6 3 runed translucent doors, Fodor's ghost, novice MiFi


Innate Abilities, Weirdness & Mutations

You are very small and have problems with some larger weapons.
You are too small for most types of armour.
You have supernaturally acute eyesight. (SInv)
You cover ground extremely quickly. (Speed+++)
You cannot train Armour skill.


Message History

The +0 mace dances into the air!
Casting: Tukima's Dance (safe; 1% risk of failure)
Confirm with . or Enter, or press ? or * to list all spells.
Aiming: Ensorcelled Hibernation (safe; 1% risk of failure)
Press: ? - help, Shift-Dir - straight line, f/p - orc warrior
Aim: an orc warrior, wearing a +0 plate armour and quivering silver boomerangs (ally target, chance to affect: 58%)
The orc warrior looks drowsy...
Your +0 mace hits the orc warrior!
You hit the orc warrior but do no damage.
The orc warrior is moderately wounded.
The orc warrior hits your +0 mace but does no damage.
Your +0 mace barely misses the orc warrior.
Casting: Ensorcelled Hibernation (safe; 1% risk of failure)
Confirm with . or Enter, or press ? or * to list all spells.
Your hands begin to glow red.
You hit the orc but do no damage.
The orc appears confused.
The orc closely misses your +0 mace.
The orc warrior hits you!
You completely miss the orc. The orc warrior misses you.
The orc completely misses you.
Your +0 mace hits the orc warrior but does no damage.
You hit the orc. Lightning courses through the orc!
You kill the orc!
You redirect the orc warrior's attack!
The orc warrior closely misses itself.
Your +0 mace barely misses the orc warrior.
The orc warrior closely misses you.
There is an open door, spattered with blood here.
You see here a +0 flail.
You closely miss the orc warrior.
The orc warrior is moderately wounded.
Your +0 mace hits the orc warrior.
You completely miss the orc warrior.
The orc warrior is moderately wounded.
The orc warrior misses you.
Your +0 mace hits the orc warrior.
Things that are here:
a +0 flail; 2 boomerangs The orc warrior throws a silver boomerang.
The silver boomerang hits you!
* * * LOW HITPOINT WARNING * * *
You die...

##.#.# #..#.# ##....#
#..##.# #.###.#
############.# #.#
.............# #.#
........########.####
........)()o....@...#
.......)###########.#
.............
.............
...###........ ##.
#........ # #........
#........ #######


You could see an orc warrior (ally target) and a friendly +0 mace.

Vanquished Creatures
  Grinder (D:3)
  A wraith (D:6)
  A steam dragon (D:7)
  Duvessa (D:6)
  4 water moccasins
  A sky beast (D:7)
  A black bear (D:7)
  An ogre (D:6)
  2 phantoms
  A kobold brigand (Sewer)
  3 bullfrogs (D:7)
  2 gnoll sergeants (D:7)
  3 scorpions
  2 wights
  Dowan (D:6)
  2 hounds
  2 orc priests
  3 iguanas
  2 orc wizards
  5 gnolls
  7 adders
  A river rat (Sewer)
  A white imp (D:7)
  An ufetubus (D:7)
  14 orcs
  11 ball pythons
  5 endoplasms
  3 giant cockroaches
  6 goblins
  5 hobgoblins
  3 jackals (Sewer)
  6 quokkas
  3 bats
  A frilled lizard (D:2)
  7 kobolds
  12 rats
125 creatures vanquished.

Vanquished Creatures (collateral kills)
  2 ogres
  A wight (D:6)
  An orc priest (D:6)
  2 gnolls
  2 orcs (D:7)
  A kobold (Sewer)
9 creatures vanquished.

Vanquished Creatures (others)
  5 dancing weapons
5 creatures vanquished.

Grand Total: 139 creatures vanquished

Notes
Turn   | Place    | Note
-------+----------+-------------------------------------------
     0 | D:1      | LynnLen the Spriggan Enchanter began the quest for the Orb.
     0 | D:1      | Reached XP level 1. HP: 9/9 MP: 5/5
   380 | D:1      | Reached XP level 2. HP: 13/13 MP: 6/6
   383 | D:1      | Learned a level 2 spell: Ensorcelled Hibernation
   613 | D:1      | Reached skill level 5 in Stealth
  1467 | D:2      | Reached XP level 3. HP: 16/16 MP: 0/8
  1682 | D:2      | Found a bloodstained altar of Trog.
  2049 | D:3      | Found a blossoming altar of Fedhas.
  2059 | D:3      | Found a radiant altar of Vehumet.
  2098 | D:3      | Reached skill level 6 in Stealth
  2499 | D:3      | Found a sacrificial altar of Ru.
  2619 | D:3      | Learned a level 3 spell: Confusing Touch
  2623 | D:3      | Learned a level 3 spell: Tukima's Dance
  2640 | D:3      | Reached XP level 4. HP: 17/21 MP: 7/10
  2698 | D:3      | Became a worshipper of Ru the Awakened
  2886 | D:3      | Noticed Grinder
  2992 | D:3      | Killed Grinder
  2993 | D:3      | Reached skill level 8 in Stealth
  2993 | D:3      | Reached skill level 5 in Hexes
  2993 | D:3      | Reached XP level 5. HP: 7/24 MP: 8/12
  2993 | D:3      | Reached XP level 6. HP: 8/28 MP: 8/13
  3287 | D:3      | Found a shimmering blue altar of Sif Muna.
  3294 | D:3      | Found a glowing golden altar of the Shining One.
  4002 | D:4      | Reached skill level 9 in Stealth
  4020 | D:4      | Identified the +5 spear "Wontat" {speed, rPois}
  4211 | D:4      | Reached skill level 5 in Spellcasting
  4262 | D:4      | Found a glowing silver altar of Zin.
  4263 | D:4      | Noticed an angel
  4309 | D:5      | Entered Level 5 of the Dungeon
  4361 | D:5      | Found a glowing drain.
  4365 | Sewer    | Entered a sewer
  4488 | Sewer    | Reached XP level 7. HP: 27/32 MP: 12/16
  4520 | Sewer    | Found a white marble altar of Elyvilon.
  4657 | D:5      | Gained mutation: You cannot train Armour skill. [Ru
                  | sacrifice]
  4657 | D:5      | Reached * piety under Ru
  4820 | D:5      | Identified the ring "Zemoiz" {rN+ rCorr Dex+3 SInv Stlth-}
  4834 | D:5      | Found a basalt altar of Yredelemnul.
  4853 | D:5      | Learned a level 5 spell: Summon Mana Viper
  5026 | D:5      | Reached skill level 10 in Stealth
  5469 | D:6      | Reached skill level 1 in Summonings
  5497 | D:6      | Noticed Dowan
  5584 | D:6      | Reached XP level 8. HP: 32/36 MP: 10/18
  5588 | D:6      | Noticed Duvessa
  5596 | D:6      | Killed Duvessa
  5636 | D:6      | Killed Dowan
  5865 | D:6      | Found an ancient bone altar of Kikubaaqudgha.
  5979 | D:6      | Reached skill level 11 in Stealth
  6256 | D:6      | Found a runed translucent gate.
  6256 | D:6      | Found a runed translucent gate.
  6256 | D:6      | Found a runed translucent gate.
  6257 | D:6      | Noticed Fodor's ghost (novice MiFi)
  6545 | D:7      | Found a white marble altar of Elyvilon.
  6764 | D:7      | Reached XP level 9. HP: 39/39 MP: 16/21
  6817 | D:7      | Reached skill level 12 in Stealth
  7778 | D:7      | Hit by a silver boomerang thrown by an orc warrior

Illustrated notes

Levels and vault maps discovered:
D:1:      minmay_arrival_stone_box, layout_basic
D:2:      layout_basic, basic_altar
D:3:      layout_basic, nicolae_ru_great_annihilating_truth, lemuel_tele_altar,
          mainiacjoe_overflow_alcove_4, amethyst_overflow_temple_binary,
          grunt_ministairs_1, uniq_grinder
D:4:      layout_gridville, zin_angel, minmay_misc_feat_five
D:5:      layout_rooms, yredelemnul_altar_generic, gup_sewer_entry_bowl
D:6:      layout_loops_ring, mainiacjoe_overflow_boulevard,
          gammafunk_ghost_nasty_kobolds, serial_bayou_pond_c, uniq_duvessa
D:7:      minmay_the_grid_triangle_9x9_rhombus_full
          [minmay_the_grid_triangle_9x9_alien,
          minmay_the_grid_triangle_9x9_odd_lines,
          minmay_the_grid_triangle_9x9_descending_squares,
          minmay_the_grid_triangle_9x9_thin_v,
          minmay_the_grid_triangle_9x9_tough_junction,
          minmay_the_grid_triangle_9x9_cache,
          minmay_the_grid_triangle_9x9_corruption,
          minmay_the_grid_triangle_9x9_prize_top_heavy], layout_basic,
          mainiacjoe_overflow_alcove_1, minmay_temple_entry_antechambers

Skill      XL: |  1  2  3  4  5  6  7  8  9 |
---------------+----------------------------+-----
Hexes          | 4 5 6 8 |  8.7
Stealth        | 5 6 8 9 10 11 12 | 12.4
Spellcasting   | 3 4 5 6 7 8 |  8.5
Summonings     | 1 2 3 |  3.5
Short Blades   | 2 |  2.6
Dodging        | |  2.6

Action                     |  1- 3 |  4- 6 |  7- 9 || total
---------------------------+-------+-------+-------++-------
  Melee: Dagger            |   113 |   107 |    73 ||   293
         Punch             |     2 |     2 |     5 ||     9
         Short sword       |       |       |    72 ||    72
   Cast: Ensorcelled Hiber |    21 |    16 |    40 ||    77
         Confusing Touch   |     1 |     5 |    14 ||    20
         Tukima's Dance    |       |     9 |    19 ||    28
 Invoke: Sacrifice Durabil |       |       |     1 ||     1
    Use: Scroll            |     7 |     2 |     3 ||    12
         Potion            |     1 |     1 |       ||     2
   Stab: Sleeping          |    23 |    17 |    28 ||    68
         Confused          |     1 |     2 |     8 ||    11
         Invisible         |       |     3 |       ||     3
         Paralysed         |       |     1 |       ||     1
 Armour: Robe              |     4 |     6 |    10 ||    20
  Dodge: Dodged            |    70 |    82 |    93 ||   245
